 Dungeon Crawl Stone Soup version 0.24-a0-429-g4608c8fa30 (webtiles) character file.

Game seed: 12245502350676353905

9981 Amnesiac the Impaler (level 11, -6/72 HPs)
             Began as a Merfolk Skald on June 13, 2019.
             Was a High Priest of Okawaru.
             Mangled by a spiny frog (19 damage)
             ... on level 1 of the Lair of Beasts.
             The game lasted 00:23:38 (9571 turns).

Amnesiac the Impaler (Merfolk Skald)                Turns: 9571, Time: 00:23:38

Health: -6/72      AC: 10    Str: 13    XL:     11   Next: 55%
Magic:  21/26      EV: 13    Int: 12    God:    Okawaru [*****.]
Gold:   607        SH:  0    Dex: 22    Spells: 6/14 levels left

rFire    + + .     SeeInvis .   R - +1 halberd of Lyuwabat {chop, Dex+2}
rCold    . . .     Gourm    .   (shield currently unavailable)
rNeg     . . .     Faith    .   Q - +0 leather armour
rPois    +         Spirit   .   (no helmet)
rElec    .         Reflect  .   I - +2 cloak
rCorr    .         Harm     .   C - +0 pair of gloves
MR       .....     Clarity  +   x - +2 pair of boots
Stlth    ++........             (no amulet)
HPRegen  0.22/turn              H - ring of Emo Maub {rPois MP+9 Dex+4}
MPRegen  0.20/turn              p - ring of protection from fire

@: very slightly contaminated
A: change form in water, swift swim, stealthy swim, claws 1, clarity, fire
resistance 1, MP-powered wands
a: Heroism, Finesse, Renounce Religion


You were on level 1 of the Lair of Beasts.
You worshipped Okawaru.
Okawaru was extremely pleased with you.
You were not hungry.

You visited 3 branches of the dungeon, and saw 11 of its levels.

You collected 607 gold pieces.

Inventory:

Hand Weapons
 a - a +0 glaive
 b - a +1 trident of venom
 R - the +1 halberd of Lyuwabat (weapon) {chop, Dex+2}
   (Okawaru gifted it to you on level 1 of the Lair of Beasts)

   It inflicts extra damage upon your enemies.
   It affects your dexterity (+2).
Missiles
 j - 12 atropa-tipped darts (quivered)
 q - 32 poisoned darts
 u - 2 throwing nets
 A - 99 arrows
Armour
 n - a scarf of resistance
 x - a +2 pair of boots (worn)
 C - a +0 pair of gloves (worn)
 I - a +2 cloak (worn)
 M - a scarf of repulsion
 Q - a +0 leather armour (worn)
Jewellery
 p - a ring of protection from fire (right hand)
 y - an uncursed ring of ice
 H - the ring of Emo Maub (left hand) {rPois MP+9 Dex+4}
   (You found it on level 7 of the Dungeon)

   [ring of magical power]

   It affects your dexterity (+4).
   It protects you from poison.
   It affects your magic capacity (+9).
Wands
 g - a wand of flame (15)
 m - a wand of enslavement (20)
 o - a wand of iceblast (6)
 r - a wand of random effects (16)
 K - a wand of paralysis (8)
 N - a wand of acid (5)
Scrolls
 e - 6 scrolls of enchant armour {!r}
 f - 6 scrolls of teleportation {!r}
 i - 2 scrolls of amnesia {!r}
 k - 6 scrolls of remove curse {!r}
 t - a scroll of immolation {!r}
 D - a scroll of blinking {!r}
 O - 2 scrolls of vulnerability {!r}
Potions
 h - a potion of might {!q}
 l - 2 potions of mutation {!q}
 v - a potion of haste {!q}
 w - 2 potions of agility {!q}
 z - a potion of heal wounds {!q}
 B - a potion of cancellation {!q}
 E - a potion of berserk rage {!q}
 F - a potion of lignification {!q}
 J - a potion of magic {!q}
 L - 3 potions of flight {!q}
 P - a potion of brilliance {!q, unknown}
Comestibles
 c - 6 chunks of flesh
 d - 11 rations


   Skills:
 - Level 2.1 Fighting
 * Level 17.9 Polearms
 - Level 0.6 Armour
 - Level 2.6 Dodging
 - Level 2.0 Spellcasting
 - Level 4.0 Hexes
 - Level 6.3 Charms
 - Level 5.1 Transmutations
 - Level 8.0 Invocations
 - Level 4.1 Evocations


You had 6 spell levels left.
You knew the following spells:

 Your Spells              Type           Power        Failure   Level  Hunger
b - Sticks to Snakes      Tmut           ##......     6%          2    ###....
e - Spectral Weapon       Hex/Chrm       ##......     12%         3    ####...
r - Regeneration          Chrm/Necr      #.........   28%         3    ####...

Your spell library contained the following spells:

 Spells                   Type           Power        Failure   Level  Hunger
 Infusion                 Chrm           ###.         2%          1    ##.....
 Song of Slaying          Chrm           ###.....     3%          2    ###....
 Beastly Appendage        Tmut           ##....       4%          1    ##.....
 Shroud of Golubria       Chrm/Tloc      #.....       14%         2    ###....
 Spider Form              Tmut/Pois      #.........   36%         3    ####...
 Blade Hands              Tmut           ##........   75%         5    ######.
 Ice Form                 Ice/Tmut       #.......     77%         4    #####..


Dungeon Overview and Level Annotations

Branches:
Dungeon (9/15)             Temple (1/1) D:4            Lair (1/6) D:9
    Orc: D:9-12

Altars:
Ashenzari
Cheibriados
Dithmenos
Elyvilon
Fedhas
Gozag
Hepliaklqana
Kikubaaqudgha
Makhleb
Nemelex Xobeh
Okawaru
Qazlal
Ru
Sif Muna
Trog
Uskayaw
Vehumet
Wu Jian
Xom
Yredelemnul
Zin
The Shining One

Annotations:
D:9 1 runed translucent door, vogonpoet's ghost, novice DDNe


Innate Abilities, Weirdness & Mutations

You revert to your normal form in water You are very nimble and swift while swimming.
You are very stealthy in the water. (Stealth+)
You have sharp fingernails.
You possess an exceptional clarity of mind.
Your flesh is heat resistant. (rF+)
You expend magic power (3 MP) to strengthen your wands.


Message History

You see here a crocodile skeleton. x2
A crocodile and a blink frog come into view.
Casting: Spectral Weapon (safe; 12% risk of failure)
Confirm with . or Enter, or press ? or * to list all spells.
You draw out your weapon's spirit!
A blink frog comes into view.
A water moccasin, a spiny frog and a blink frog come into view.
The blink frog croaks.
A blink frog comes into view.
Found 18 gold pieces and a scroll of remove curse.
The water moccasin hisses angrily.
The blink frog gives a loud, deep croak!
You puncture the blink frog!
The blink frog is heavily wounded.
The blink frog closely misses you.
The blink frog blinks!
You barely miss the blink frog.
The blink frog is heavily wounded.
The blink frog hits you!
You hit the blink frog.
The blink frog is heavily wounded.
The blink frog hits you! The water moccasin bites you.
You swap places.
The crocodile bites your spectral weapon.
You puncture the blink frog!
The blink frog is severely wounded.
The crocodile misses your spectral weapon.
You slice the blink frog!!
The blink frog is severely wounded.
The blink frog blinks!
You closely miss the blink frog.
The blink frog is almost dead.
You kill the blink frog!
Okawaru accepts your kill.
Training target 8.0 for Invocations reached!
Your Invocations skill increases to level 8!
The blink frog blinks!
You slash the water moccasin!
The water moccasin is severely wounded.
You kill the water moccasin!
Okawaru accepts your kill.
You slash the crocodile!
The crocodile is heavily wounded.
The crocodile bites you!
* * * LOW HITPOINT WARNING * * *
You puncture the crocodile!
You kill the crocodile!
Okawaru accepts your kill.
The spiny frog stings your spectral weapon.
Your spectral weapon shares its damage with you!
* * * LOW HITPOINT WARNING * * *
You closely miss the blink frog. The blink frog hits you!
* * * LOW HITPOINT WARNING * * *
The spiny frog stings your spectral weapon!
Your spectral weapon shares its damage with you!
Your spectral weapon fades away.
* * * LOW HITPOINT WARNING * * *
Casting: Spectral Weapon (safe; 12% risk of failure)
Confirm with . or Enter, or press ? or * to list all spells.
You miscast Spectral Weapon.
You are very lightly contaminated with residual magic.
Multicoloured lights dance before your eyes!
The blink frog blinks! x2
The blink frog blinks! x2; The spiny frog stings you!!
You die...

P########....####
##.................##
#P..........###.....#
#P............#....##
#.........#.......## #
#.........#+##....P#
###.#...§.......÷.....###
.......†§....F............
.......§.F@...............
......§####.####..........
....... ### #..........
....... #..###......
....... #.#..#..###.
..F.$.. #.+..#......
.###..? #.#..#...... #...
#.#..#..#... #.#..≈.≈....


You could see a spiny frog and a blink frog.

Vanquished Creatures
  3 two-headed ogres
  The ghost of ohad the Insei, a novice OpTm of Gozag (D:6)
  2 komodo dragons (Lair:1)
  A troll (D:9)
  A blink frog (Lair:1)
  3 hippogriffs
  8 yaks (D:9)
  3 hungry ghosts
  Menkaure (D:5)
  A water moccasin (Lair:1)
  A black bear (D:7)
  2 orc warriors
  An ice beast (D:5)
  3 sky beasts
  2 ogres
  3 centaurs
  6 wolves (Lair:1)
  A necrophage (D:9)
  4 crocodiles
  2 big kobolds (D:9)
  6 bullfrogs
  4 scorpions
  A water moccasin skeleton (D:9)
  4 killer bees (D:8)
  4 wights (D:9)
  A spectral centaur (D:6)
  3 howler monkeys
  4 crimson imps
  A bullfrog zombie (D:5)
  A centaur zombie (D:4)
  2 jellies
  4 hounds
  An orc priest (D:8)
  2 bullfrog skeletons
  3 centaur skeletons
  9 orc wizards
  6 iguanas
  6 worker ants
  A bullfrog simulacrum (D:6)
  A spectral hound (D:6)
  A hound zombie (D:4)
  A hound skeleton (D:6)
  A worker ant zombie (D:6)
  4 gnolls (D:5)
  2 howler monkey skeletons (D:4)
  10 adders
  3 adder zombies (D:4)
  2 adder skeletons
  3 dart slugs (D:1)
  2 leopard geckos
  22 orcs
  3 ball pythons
  A giant cockroach (D:2)
  6 goblins
  6 hobgoblins
  20 jackals
  5 quokkas
  A ball python skeleton (D:4)
  8 bats
  4 frilled lizards
  20 kobolds
  2 leopard gecko skeletons (D:4)
  A quokka zombie (D:5)
  5 rats
246 creatures vanquished.

Vanquished Creatures (others)
  A plant (D:9)
  3 spectral weapons
4 creatures vanquished.

Grand Total: 250 creatures vanquished

Notes
Turn   | Place    | Note
-------+----------+-------------------------------------------
     0 | D:1      | Amnesiac the Merfolk Skald began the quest for the Orb.
     0 | D:1      | Reached XP level 1. HP: 16/16 MP: 3/3
    33 | D:1      | Reached XP level 2. HP: 17/22 MP: 5/5
    74 | D:2      | Found a shadowy altar of Dithmenos.
   334 | D:2      | Reached XP level 3. HP: 12/27 MP: 1/6
   339 | D:2      | Learned a level 3 spell: Spectral Weapon
   656 | D:2      | Reached skill level 5 in Charms
   656 | D:2      | Reached XP level 4. HP: 21/33 MP: 3/7
   767 | D:2      | Reached skill level 4 in Polearms
   767 | D:2      | Reached skill level 1 in Hexes
   885 | D:2      | Found an ancient bone altar of Kikubaaqudgha.
  1172 | D:3      | Reached XP level 5. HP: 38/38 MP: 1/8
  1373 | D:4      | Reached skill level 5 in Polearms
  1557 | D:4      | Reached skill level 6 in Polearms
  1557 | D:4      | Reached XP level 6. HP: 21/44 MP: 0/9
  1685 | D:4      | Reached skill level 7 in Polearms
  1834 | D:4      | Found a staircase to the Ecumenical Temple.
  1843 | Temple   | Entered the Ecumenical Temple
  1869 | Temple   | Became a worshipper of Warmaster Okawaru
  3249 | D:4      | Learned a level 3 spell: Regeneration
  3252 | D:4      | Learned a level 2 spell: Sticks to Snakes
  3340 | D:4      | Noticed a sky beast
  3649 | D:4      | Killed a sky beast
  3649 | D:4      | Reached skill level 8 in Polearms
  3649 | D:4      | Reached XP level 7. HP: 13/50 MP: 5/10
  4125 | D:5      | Entered Level 5 of the Dungeon
  4125 | D:5      | Found an opulent altar of Gozag.
  4289 | D:5      | Reached * piety under Okawaru
  4289 | D:5      | Reached skill level 9 in Polearms
  4344 | D:5      | Noticed Menkaure
  4359 | D:5      | Killed Menkaure
  4543 | D:5      | Reached skill level 10 in Polearms
  4543 | D:5      | Reached XP level 8. HP: 56/56 MP: 7/11
  4796 | D:5      | Reached skill level 11 in Polearms
  5171 | D:6      | Found a hide-covered altar of Uskayaw.
  5247 | D:6      | Reached ** piety under Okawaru
  5247 | D:6      | Reached skill level 12 in Polearms
  5645 | D:6      | Found a runed translucent gate.
  5645 | D:6      | Found a runed translucent gate.
  5645 | D:6      | Found a runed translucent gate.
  5645 | D:6      | Noticed ohad's ghost (novice OpTm)
  5669 | D:6      | Killed ohad's ghost
  5669 | D:6      | Reached skill level 13 in Polearms
  5669 | D:6      | Reached XP level 9. HP: 46/61 MP: 7/12
  5901 | D:7      | Got a scorched lapis lazuli ring
  5903 | D:7      | Identified the ring of Emo Maub {rPois MP+9 Dex+4} (You
                  | found it on level 7 of the Dungeon)
  6080 | D:7      | Reached *** piety under Okawaru
  6080 | D:7      | Reached skill level 1 in Invocations
  6080 | D:7      | Reached skill level 1 in Evocations
  6139 | D:7      | Reached skill level 14 in Polearms
  6151 | D:7      | Found a burning altar of Makhleb.
  6390 | D:7      | Reached **** piety under Okawaru
  6475 | D:7      | Found a deep blue altar of Sif Muna.
  6692 | D:8      | Received a gift from Okawaru
  6692 | D:8      | Reached XP level 10. HP: 67/67 MP: 13/13
  6792 | D:8      | Reached skill level 15 in Polearms
  6834 | D:8      | Noticed a two-headed ogre
  7116 | D:8      | Found a sacrificial altar of Ru.
  7216 | D:8      | Found a shimmering altar of Xom.
  7232 | D:8      | Found an ornate altar of the Wu Jian Council.
  7269 | D:8      | Killed a two-headed ogre
  7269 | D:8      | Reached ***** piety under Okawaru
  7593 | D:9      | Reached skill level 5 in Invocations
  7635 | D:9      | Reached skill level 16 in Polearms
  7645 | D:9      | Found a staircase to the Lair.
  7706 | D:9      | Noticed a two-headed ogre
  7716 | D:9      | Killed a two-headed ogre
  7716 | D:9      | Reached skill level 5 in Transmutations
  7796 | D:9      | Noticed a two-headed ogre
  7807 | D:9      | Killed a two-headed ogre
  7807 | D:9      | Received a gift from Okawaru
  7807 | D:9      | Reached XP level 11. HP: 64/72 MP: 15/15
  7977 | D:9      | Found a runed translucent door.
  8237 | D:9      | Reached skill level 17 in Polearms
  8356 | D:9      | HP: 3/72 [yak (1)]
  8430 | D:9      | Noticed vogonpoet's ghost (novice DDNe)
  8816 | D:9      | Identified the cursed +0 trident "Ultimatum" {pierce,
                  | Str+3}
  8943 | Lair:1   | Entered Level 1 of the Lair of Beasts
  9125 | Lair:1   | Received a gift from Okawaru
  9126 | Lair:1   | Got a crude halberd {god gift}
  9127 | Lair:1   | Identified the +1 halberd of Lyuwabat {chop, Dex+2}
                  | (Okawaru gifted it to you on level 1 of the Lair of Beasts)
  9137 | Lair:1   | HP: 3/72 [wolf (8)]
  9154 | Lair:1   | HP: 2/72 [wolf (10)]
  9428 | D:9      | Gained mutation: You possess an exceptional clarity of
                  | mind. [potion of mutation]
  9428 | D:9      | Gained mutation: Your flesh is heat resistant. (rF+)
                  | [potion of mutation]
  9428 | D:9      | Gained mutation: You have sharp fingernails. [potion of
                  | mutation]
  9428 | D:9      | Gained mutation: You expend magic power (3 MP) to
                  | strengthen your wands. [potion of mutation]
  9571 | Lair:1   | Mangled by a spiny frog

Levels and vault maps discovered:
D:1:      scummos_arrival_star, layout_loops_ring
D:2:      cheibrodos_helix_gallery, layout_rooms, old_standard_altar,
          grunt_dithmenos_smoke_and_mirrors
D:3:      layout_rooms, first_ration, minmay_misc_feat_pillars
D:4:      layout_basic, minmay_temple_entry_large_hall, serial_undead,
          serial_undead_e, serial_undead_f, serial_undead_d, serial_undead_d
D:5:      layout_loops_corners, nicolae_gozag_seed_capital, uniq_menkaure
D:6:      layout_loops_ring, lemuel_doored_altar, gammafunk_ghost_necromancy
D:7:      layout_loops_ring, led_sif_pool, kennysheep_little_box
D:8:      layout_cave_pools, lemuel_round_altar,
          chequers_temple_overflow_statue_of_worship
D:9:      minmay_thinvault, layout_layer_cave, lair_entry_dummy, serial_glass,
          glass_columns_b, glass_columns_b, glass_columns_a,
          ebering_ghost_funeral_grove, kennysheep_another_room
Temple:   cyrus_circular_temple
Lair:1:   layout_chaotic_city, basic_altar, lemuel_centaur_altar,
          infiniplex_staircase_pool_2

Skill      XL: |  1  2  3  4  5  6  7  8  9 10 11 |
---------------+----------------------------------+-----
Charms         | 4 5 6 |  6.3
Polearms       | 4 6 8 10 13 14 16 17 | 17.9
Hexes          | 1 2 3 4 |  4.0
Invocations    | 3 6 8 |  8.0
Evocations     | 3 4 |  4.1
Transmutations | 5 |  5.1
Fighting       | |  2.1
Armour         | |  0.6
Dodging        | |  2.6
Spellcasting   | |  2.0

Action                   |  1- 3 |  4- 6 |  7- 9 | 10-12 || total
-------------------------+-------+-------+-------+-------++-------
Melee: Spear             |    53 |   245 |    38 |       ||   336
       Halberd           |       |       |   209 |   171 ||   380
       Trident           |       |       |       |   129 ||   129
       Glaive            |       |       |       |    12 ||    12
       Tailslap          |       |       |       |     1 ||     1
 Cast: Infusion          |     6 |    29 |     1 |       ||    36
       Spectral Weapon   |     1 |     8 |    32 |    22 ||    63
  Use: Scroll            |       |       |       |    14 ||    14
       Potion            |       |       |       |    13 ||    13
 Stab: Sleeping          |       |     4 |     2 |     3 ||     9
       Distracted        |       |     2 |       |     3 ||     5
  Eat: Chunk             |       |    10 |    12 |    13 ||    35
       Ration            |       |       |     1 |       ||     1
Armor: Leather armour    |     9 |    43 |    38 |    57 ||   147
       Skin              |       |       |       |     5 ||     5
Dodge: Dodged            |    24 |    93 |    86 |   140 ||   343

Table legend:
 A = Non-vault XP
 B = Vault XP
 C = Vault XP percentage of total XP
 D = Non-vault monster count
 E = Vault monster count
 F = Vault count percentage of total count
                 A         B        C        D         E       F
            +---------+---------+-------+---------+---------+-------
      Total |   11582 |    2677 |  18.8 |     219 |      27 |  11.0
            +---------+---------+-------+---------+---------+-------
        D:1 |      28 |       0 |   0.0 |      15 |       0 |   0.0
        D:2 |     117 |       2 |   1.7 |      16 |       1 |   5.9
        D:3 |      82 |       0 |   0.0 |      28 |       0 |   0.0
        D:4 |     462 |     123 |  21.0 |      19 |       6 |  24.0
        D:5 |     745 |     172 |  18.8 |      26 |       1 |   3.7
        D:6 |     550 |     519 |  48.6 |       8 |       7 |  46.7
        D:7 |    1589 |       0 |   0.0 |      25 |       0 |   0.0
        D:8 |    2135 |       0 |   0.0 |      32 |       0 |   0.0
        D:9 |    3720 |    1861 |  33.3 |      37 |      12 |  24.5
     Lair:1 |    2154 |       0 |   0.0 |      13 |       0 |   0.0
            +---------+---------+-------+---------+---------+-------
